 Dungeon Crawl Stone Soup version 0.21.1-1-g345015f (webtiles) character file.

298115 shakethe the Tortoise (level 20, -9/134 HPs)
             Began as a Gargoyle Fighter on Feb 21, 2018.
             Was the Champion of Okawaru.
             Mangled by a white very ugly thing (37 damage)
             ... on level 2 of the Depths.
             The game lasted 02:09:00 (38091 turns).

shakethe the Tortoise (Gargoyle Fighter)           Turns: 38091, Time: 02:09:01

Health: -9/134     AC: 44    Str: 24    XL:     20   Next: 95%
Magic:  26/26      EV: 19    Int: 24    God:    Okawaru [******]
Gold:   1115       SH:  8    Dex:  9    Spells: 9/23 levels left

rFire    + . .     SeeInvis .   T - +13 Maxwell's thermic engine {flame, freeze, rF- rC-}
rCold    . . .     Gourm    .   U - +0 buckler of Too Many Cooks {+Blink rPois Regen+}
rNeg     + . .     Faith    +   q - +1 plate armour of Boredom {rF+}
rPois    ∞         Spirit   .   b - +2 helmet {Int+3}
rElec    +         Reflect  .   t - scarf {rC+ rF+}
rCorr    .         Harm     .   Z - +0 pair of gloves {Str+3}
MR       +++..                  c - +0 pair of boots "Zaloamiwn" {MR+ Int+4}
Stlth    ..........             e - amulet of faith {Faith, !P}
HPRegen  0.72/turn              L - +4 ring of evasion
MPRegen  0.20/turn              n - ring of protection from magic {MR+, !d}

@: heroism
A: big wings, negative energy resistance 1, electricity resistance, unbreathing,
petrification resistance, rot immunity, AC +15
}: 2/15 runes: decaying, serpentine
a: Fly, Heroism, Finesse, Renounce Religion, Evoke Blink


You were on level 2 of the Depths.
You worshipped Okawaru.
Okawaru was exalted by your worship.
You were not hungry.

You visited 8 branches of the dungeon, and saw 35 of its levels.

You collected 3415 gold pieces.
You spent 2300 gold pieces at shops.

Inventory:

Hand Weapons
 T - the +13 Maxwell's thermic engine (weapon) {flame, freeze, rF- rC-}
   (You found it on level 10 of the Dungeon)

   It has been specially enchanted to burn those struck by it, causing extra
   injury to most foes and up to half again as much damage against particularly
   susceptible opponents.
   Big, fiery blades are also staple armaments of hydra-hunters.
   It makes you vulnerable to fire.
   It makes you vulnerable to cold.
Missiles
 S - a throwing net {=f, !d}
Armour
 b - a +2 helmet of intelligence (worn)
   (You bought it in a shop on level 2 of the Snake Pit)
 c - the +0 pair of boots "Zaloamiwn" (worn) {MR+ Int+4}
   (You acquired it on level 6 of the Lair of Beasts)

   It affects your intelligence (+4).
   It affects your resistance to hostile enchantments.
 k - the +0 pair of boots of the Present {rN+ Str+2, unknown}
   (Okawaru gifted it to you on level 1 of the Depths)

   It affects your strength (+2).
   It protects you from negative energy.
 q - the +1 plate armour of Boredom (worn) {rF+}
   (You found it on level 1 of the Swamp)

   It protects you from fire.
 t - a scarf of resistance (worn)
   (You found it on level 3 of the Dungeon)
 H - a +2 plate armour of cold resistance
   (Okawaru gifted it to you on level 1 of the Vaults)
 U - the +0 buckler of Too Many Cooks (worn) {+Blink rPois Regen+}
   (You found it on level 10 of the Dungeon)

   It protects you from poison.
   It lets you blink.
   It increases your rate of regeneration.
 Z - a +0 pair of gloves of strength (worn)
   (Okawaru gifted it to you on level 11 of the Dungeon)
Magical Staves
 Q - an uncursed staff of air {unknown}
   (You found it on level 1 of the Depths)
Jewellery
 e - an amulet of faith (around neck) {Faith, !P}
   (You found it on level 1 of the Dungeon)
 n - a ring of protection from magic (right hand) {MR+, !d}
   (You found it on level 2 of the Dungeon)
 L - a +4 ring of evasion (left hand)
   (You found it on level 8 of the Dungeon)
 M - an uncursed ring of fire {unknown}
   (You found it on level 2 of the Depths)
Wands
 x - a wand of paralysis (66)
   (You found it on level 6 of the Dungeon)
 P - a wand of polymorph (32)
   (You found it on level 8 of the Dungeon)
 X - a wand of enslavement (9)
   (You found it on level 3 of the Lair of Beasts)
Scrolls
 a - 2 scrolls of torment {!r}
 j - 2 scrolls of blinking {unknown}
 l - 2 scrolls of vulnerability {!r!r}
 m - 3 scrolls of enchant armour
 s - 6 scrolls of fog
 u - 16 scrolls of teleportation
 w - 8 scrolls of remove curse
 A - 5 scrolls of enchant weapon
 C - 6 scrolls of magic mapping {!r}
 D - 3 scrolls of identify
 E - 2 scrolls of brand weapon
 G - 9 scrolls of amnesia
 I - 8 scrolls of fear
 J - 3 scrolls of acquirement
 N - 3 scrolls of summoning
Potions
 d - 3 potions of brilliance
 g - 5 potions of ambrosia
 h - 9 potions of curing
 i - 8 potions of resistance
 o - 5 potions of heal wounds
 p - 6 potions of agility
 r - 5 potions of mutation {!q}
 v - 7 potions of lignification {!q}
 z - 3 potions of berserk rage {!q}
 B - 7 potions of haste
 R - a potion of invisibility
 V - 6 potions of might
 W - 2 potions of cancellation
 Y - 2 potions of magic
Miscellaneous
 F - a phantom mirror
 K - a box of beasts
Comestibles
 f - 30 rations


   Skills:
 - Level 17.5(22.5) Fighting
 - Level 16.0(21.0) Long Blades
   Level 9.8(14.8) Maces & Flails
 - Level 17.5(22.5) Armour
 - Level 11.8(16.8) Dodging
 + Level 14.7(19.7) Shields
 - Level 2.3 Spellcasting
 - Level 2.3 Charms
 - Level 2.1 Necromancy
 - Level 3.1 Earth Magic
 - Level 9.0 Invocations
 - Level 9.0 Evocations


You had 9 spell levels left.
You knew the following spells:

 Your Spells              Type           Power        Failure   Level  Hunger
a - Borgnjor's Vile Clut  Necr/Erth      ###.......   99%         5    ######.
b - Summon Lightning Spi  Summ/Air       #.......     99%         4    ####...
r - Regeneration          Chrm/Necr      ##........   54%         3    ###....
s - Shroud of Golubria    Chrm/Tloc      #.........   45%         2    ##.....


Dungeon Overview and Level Annotations

Branches:
Dungeon (15/15)            Temple (1/1) D:7            Lair (6/6) D:11
  Swamp (4/4) Lair:3        Snake (4/4) Lair:4        Slime (0/5) Lair:5
    Orc (2/2) D:12            Elf (0/3) Orc:2        Vaults (1/5) D:14
 Depths (2/5) D:15

Altars:
Ashenzari
Cheibriados
Dithmenos
Elyvilon
Fedhas
Gozag
Hepliaklqana
Kikubaaqudgha
Makhleb
Nemelex Xobeh
Okawaru
Qazlal
Ru
Sif Muna
Trog
Uskayaw
Vehumet
Wu Jian
Xom
Yredelemnul
Zin
The Shining One
Jiyva

Shops:
D:4 ?   D:8 *   D:9 *   D:14 [   Orc:1 }?:   Orc:2 !?*(   Snake:1 !
Snake:2 *(   Snake:3 }:!*

Portals:
Hell: Depths:1 Depths:2

Annotations:
Lair:5 1 runed door


Innate Abilities, Weirdness & Mutations

You are resistant to torment.
Your stone body is resilient. (AC +15)
You are immune to poison.
Your large and strong wings let you fly indefinitely.
You resist negative energy. (rN+)
You are resistant to electric shocks. (rElec)
You can survive without breathing.
You are immune to petrification.
You are immune to rotting.


Message History

You see here a diamond ring.
Could not pick up an item here; shall I ignore it? [Y]es or [N]o only, please.
Could not pick up an item here; shall I ignore it?
Okay, then.
Drop what? 52/52 slots (_ for help) (? for menu, Esc to quit)
You drop a glowing buckler.
You drop 2 curare-tipped needles.
M - a diamond ring
There are no items here.
Things that are here:
2 curare-tipped needles; a glowing buckler A white very ugly thing comes into view.
The white very ugly thing gurgles horribly!
You hear a horrible gurgling sound! x2
An ugly thing and 2 very ugly things come into view.
The white very ugly thing gurgles horribly!
The white ugly thing gurgles horribly!
You slash the white very ugly thing! You burn the white very ugly thing.
You freeze the white very ugly thing.
The white ugly thing basks in the mutagenic energy from its kin and changes!
You barely miss the white very ugly thing.
The white very ugly thing pecks you but does no damage.
The white very ugly thing tentacle-slaps you!
The white very ugly thing freezes you!!
You take 44 damage, and have 90/134 hp.
MASSIVE DAMAGE!!
You closely miss the white very ugly thing.
The white very ugly thing misses you.
You riposte.
You slice the white very ugly thing!! You burn the white very ugly thing!
You freeze the white very ugly thing. You slash the white very ugly thing!
You burn the white very ugly thing. You freeze the white very ugly thing.
The white very ugly thing barely misses you.
The white very ugly thing closely misses you.
You slash the white very ugly thing! You burn the white very ugly thing.
The white very ugly thing pecks you but does no damage.
The white very ugly thing misses you.
You hit the white very ugly thing. You burn the white very ugly thing.
The white very ugly thing closely misses you.
You riposte.
You slice the white very ugly thing!! You burn the white very ugly thing!
The white very ugly thing basks in the mutagenic energy from its kin and changes!
The white very ugly thing tentacle-slaps you but does no damage.
You slice the green very ugly thing!! You burn the green very ugly thing!
You kill the green very ugly thing!
Okawaru accepts your kill.
The white very ugly thing barely misses you.
You gain the combat prowess of a mighty hero.
The white very ugly thing tentacle-slaps you but does no damage.
You block the green ugly thing's attack.
The white very ugly thing engulfs you but does no damage.
You now have 24/26 mp.
You slice the green ugly thing!! You burn the green ugly thing.
You freeze the green ugly thing.
The white very ugly thing barely misses you.
You riposte.
You slice the white very ugly thing!! You burn the white very ugly thing.
You freeze the white very ugly thing.
The green ugly thing basks in the mutagenic energy from its kin and changes!
You slash the white ugly thing! You burn the white ugly thing.
You freeze the white ugly thing.
The white very ugly thing closely misses you.
The white very ugly thing tentacle-slaps you!
The white very ugly thing freezes you!!
You take 38 damage, and have 56/134 hp.
MASSIVE DAMAGE!!
You open the white ugly thing like a pillowcase!!!
You burn the white ugly thing.
You kill the white ugly thing!
Okawaru accepts your kill.
You block the white very ugly thing's attack.
You slice the white very ugly thing!! You burn the white very ugly thing!
You freeze the white very ugly thing.
The white very ugly thing tentacle-slaps you!
The white very ugly thing freezes you!!
* * * LOW HITPOINT WARNING * * *
You take 28 damage, and have 28/134 hp.
MASSIVE DAMAGE!!
You feel much better.
The white very ugly thing barely misses you.
The white very ugly thing tentacle-slaps you.
The white very ugly thing freezes you!!
* * * LOW HITPOINT WARNING * * *
The white very ugly thing misses you.
You riposte.
You slash the white very ugly thing! You burn the white very ugly thing.
You slash the white very ugly thing! You burn the white very ugly thing.
You slash the white very ugly thing! You burn the white very ugly thing.
The white very ugly thing basks in the mutagenic energy from its kin and changes!
You slash the green very ugly thing! You burn the green very ugly thing.
You freeze the green very ugly thing.
You kill the green very ugly thing!
Okawaru accepts your kill.
You have finished your manual of Shields and toss it away.
You start resting.
You slice the white very ugly thing!! You burn the white very ugly thing!
You freeze the white very ugly thing.
The white very ugly thing tentacle-slaps you.
* * * LOW HITPOINT WARNING * * *
The white very ugly thing freezes you!!!
You die...

#.#.. #.#..
..# #.#..
..#
#.#.###..
#....#..#
#....#..# .
#...#...#..#
#..@#......#
#..#u†..#
#..#..##...#
#.#..#.. #
#.#.......
#.#.....###
#.#######
#.# #.#


You could see a white very ugly thing.

Vanquished Creatures
  Mara (Snake:4)
  Sojobo (Depths:1)
  Saint Roka (Snake:4)
  Vashnia (Snake:3)
  Nikola (Snake:4)
  A lich (Depths:1)
  Gastronok (Lair:3)
  4 sphinxes
  2 thorn hunters
  13 nagarajas
  The ghost of kirsanium the Severer, a journeyman MiBe of Trog (Swamp:1)
  A fire giant (Depths:1)
  2 tengu reavers (D:15)
  Aizul (Snake:3)
  A spriggan defender (Depths:1)
  A vampire knight (Depths:2)
  5 very ugly things
  Azrael (D:12)
  2 jiangshi (Depths:1)
  4 ettins
  2 yaktaur captains (Depths:1)
  2 fire dragons (Depths:1)
  A deep elf high priest (Depths:1)
  4 ice dragons
  Erolcha (D:11)
  18 naga warriors
  5 ogre magi
  2 great orbs of eyes
  29 hydras
  10 centaur warriors
  A ghost crab (Swamp:4)
  11 two-headed ogres
  9 anacondas
  17 alligators
  An alligator (shapeshifter) (D:14)
  2 deep troll shamans (Depths:1)
  A vampire mage (Depths:1)
  2 deep troll earth magi
  6 death yaks (Lair:5)
  5 tengu warriors
  18 naga sharpshooters
  An orc high priest (Orc:2)
  11 shock serpents
  3 spriggan berserkers (Depths:2)
  Nergalle (Lair:3)
  2 iron trolls
  16 skeletal warriors
  2 salamander mystics
  9 sea snakes
  14 swamp dragons
  A flayed ghost (Depths:1)
  A glowing orange brain (Depths:1)
  2 unseen horrors (D:14)
  2 shambling mangroves
  4 deep trolls
  5 wizards
  4 naga ritualists
  3 spriggan druids
  2 orc knights
  10 ugly things
  10 mana vipers
  4 fauns (Depths:2)
  2 necromancers
  5 cyclopes
  6 orc sorcerers
  14 elephants
  7 salamanders
  4 manticores
  5 deep elf magi
  7 guardian serpents
  Maurice (D:8)
  31 black mambas
  A guardian serpent (shapeshifter) (D:15)
  19 naga magi
  Psyche (D:8)
  A gargoyle (D:11)
  6 rime drakes
  A yaktaur zombie (Depths:1)
  16 spiny frogs
  2 freezing wraiths (D:14)
  8 centaur skeletons
  3 kobold demonologists (D:15)
  13 yaktaurs
  A komodo dragon (shapeshifter) (D:14)
  9 komodo dragons
  A meliai (shapeshifter) (D:14)
  A meliai (D:14)
  5 polar bears
  9 trolls
  7 tyrant leeches
  A queen bee (shapeshifter) (Depths:2)
  Prince Ribbit (D:11)
  4 tengu conjurers
  23 hornets
  A wolf spider simulacrum (D:15)
  5 bog bodies
  35 slime creatures
  A raiju (shapeshifter) (Depths:2)
  12 dream sheep
  18 blink frogs
  A deep troll zombie (Depths:1)
  8 hippogriffs
  22 spriggans
  4 shadows
  Sigmund (D:4)
  A centaur simulacrum (D:15)
  A wraith (D:11)
  4 vampires
  2 water elementals (Depths:1)
  28 yaks
  2 wyverns
  3 fire elementals (D:12)
  3 basilisks
  A steam dragon (D:10)
  2 hungry ghosts
  38 vampire mosquitoes
  Menkaure (D:4)
  3 insubstantial wisps (Swamp:2)
  An acid dragon (D:15)
  55 nagas
  5 wargs
  18 swamp worms
  A human skeleton (Depths:1)
  4 hell hounds (D:12)
  18 water moccasins
  25 orc warriors
  5 porcupines
  11 swamp drakes
  8 black bears
  2 eyes of draining
  4 ice beasts
  9 sky beasts
  A black bear (shapeshifter) (D:14)
  A deep troll simulacrum (Depths:1)
  12 ogres
  2 necrophages
  3 phantoms
  25 wolves
  9 boggarts
  11 centaurs
  7 crocodiles
  A big kobold (D:15)
  Blork the orc (D:4)
  15 bullfrogs
  A gnoll sergeant (D:11)
  A wyvern zombie (D:9)
  A wyvern skeleton (D:10)
  The ghost of ximkin the Ruffian, a weakling TrMo (D:4)
  A scorpion (D:10)
  5 killer bees (D:9)
  10 wights
  An electric eel (Lair:3)
  A howler monkey (D:12)
  8 crimson imps
  7 centaur zombies
  2 quasits
  3 jellies
  10 hounds
  46 orc wizards
  30 orc priests
  3 bullfrog skeletons
  5 hell rats (Lair:6)
  5 iguanas
  15 worker ants
  3 hound zombies (D:11)
  4 hound skeletons
  A worker ant zombie (D:10)
  5 gnolls (D:11)
  15 adders
  7 shadow imps
  A white imp (Depths:1)
  An adder zombie (D:7)
  3 adder skeletons
  2 worms (D:2)
  3 dart slugs
  8 leopard geckos
  102 orcs
  8 bats
  8 giant cockroaches
  9 goblins
  9 hobgoblins
  23 jackals
  9 kobolds
  6 quokkas
  A ball python (D:2)
  7 frilled lizards
  2 leopard gecko skeletons
  2 leopard gecko zombies
  4 rats
1364 creatures vanquished.

Vanquished Creatures (others)
  A black mamba (Snake:4)
  A swamp worm (Swamp:1)
  A boggart (Depths:2)
  An orc (Orc:2)
  3 fungi
  12 plants
19 creatures vanquished.

Grand Total: 1383 creatures vanquished

Notes
Turn   | Place    | Note
-------+----------+-------------------------------------------
     0 | D:1      | shakethe the Gargoyle Fighter began the quest for the Orb.
     0 | D:1      | Reached XP level 1. HP: 14/14 MP: 1/1
   122 | D:1      | Reached XP level 2. HP: 17/19 MP: 2/2
   448 | D:1      | Reached XP level 3. HP: 24/24 MP: 3/3
   835 | D:2      | Reached skill level 4 in Fighting
   888 | D:2      | Reached skill level 4 in Armour
   900 | D:2      | Reached XP level 4. HP: 25/29 MP: 4/4
   958 | D:2      | HP: 6/29 [adder (2)]
  1361 | D:2      | Reached skill level 3 in Maces & Flails
  1896 | D:3      | Reached XP level 5. HP: 14/33 MP: 5/5
  2137 | D:3      | Found a snail-covered altar of Cheibriados.
  2140 | D:3      | Found an opulent altar of Gozag.
  2141 | D:3      | Found a shadowy altar of Dithmenos.
  2216 | D:3      | Reached skill level 4 in Shields
  2751 | D:4      | Noticed Sigmund
  2753 | D:4      | Noticed ximkin's ghost (weakling TrMo)
  3011 | D:4      | Killed Sigmund
  3011 | D:4      | Reached skill level 5 in Fighting
  3011 | D:4      | Reached skill level 4 in Maces & Flails
  3011 | D:4      | Reached skill level 5 in Armour
  3011 | D:4      | Reached XP level 6. HP: 24/40 MP: 6/6
  3076 | D:4      | HP: 10/40 [ximkin's ghost (4)]
  3077 | D:4      | Killed ximkin's ghost
  3305 | D:4      | Reached XP level 7. HP: 40/44 MP: 7/7
  3501 | D:4      | Found a stormy altar of Qazlal.
  3502 | D:4      | Noticed an air elemental
  3502 | D:4      | Noticed a fire elemental
  3502 | D:4      | Noticed a water elemental
  3672 | D:4      | Noticed Blork the orc
  3678 | D:4      | Killed Blork the orc
  3895 | D:4      | Noticed Menkaure
  3902 | D:4      | Killed Menkaure
  3902 | D:4      | Reached skill level 6 in Fighting
  3902 | D:4      | Reached skill level 5 in Maces & Flails
  3902 | D:4      | Reached skill level 6 in Armour
  4171 | D:4      | Found Foumauhivy's Magic Scroll Shop.
  4442 | D:5      | Entered Level 5 of the Dungeon
  4498 | D:5      | Reached XP level 8. HP: 45/51 MP: 8/8
  4700 | D:5      | HP: 13/52 [hornet zombie (8)]
  5455 | D:5      | Found a sparkling altar of Nemelex Xobeh.
  5817 | D:6      | Reached skill level 7 in Fighting
  5842 | D:6      | Reached skill level 6 in Maces & Flails
  5842 | D:6      | Reached skill level 7 in Armour
  6170 | D:6      | Paralysed by a wight for 2 turns
  6265 | D:6      | Reached XP level 9. HP: 55/58 MP: 9/9
  6759 | D:7      | Reached skill level 8 in Fighting
  6802 | D:7      | Reached skill level 8 in Armour
  6883 | D:7      | Reached skill level 7 in Maces & Flails
  7420 | D:7      | Found a staircase to the Ecumenical Temple.
  7517 | Temple   | Entered the Ecumenical Temple
  7566 | Temple   | Became a worshipper of Warmaster Okawaru
  7940 | D:8      | Noticed Maurice
  7983 | D:8      | Killed Maurice
  7983 | D:8      | Reached skill level 9 in Fighting
  7983 | D:8      | Reached skill level 8 in Maces & Flails
  7983 | D:8      | Reached skill level 9 in Armour
  8055 | D:8      | Noticed Psyche
  8070 | D:8      | Paralysed by Psyche for 4 turns
  8083 | D:8      | Killed Psyche
  8083 | D:8      | Reached * piety under Okawaru
  8083 | D:8      | Reached XP level 10. HP: 28/66 MP: 10/10
  8271 | D:8      | Found Vyss's General Store.
  8291 | D:8      | HP: 14/66 [orc warrior/glaive (18)]
  8898 | D:8      | Found a deep blue altar of Sif Muna.
  8898 | D:8      | Found a shattered altar of Ashenzari.
  8899 | D:8      | Found a hazy altar of Hepliaklqana.
  8927 | D:8      | Found a blossoming altar of Fedhas.
  8975 | D:8      | Noticed a two-headed ogre
  8977 | D:8      | Found a white marble altar of Elyvilon.
  8988 | D:8      | Killed a two-headed ogre
  8988 | D:8      | Reached ** piety under Okawaru
  8988 | D:8      | Reached skill level 10 in Fighting
  8988 | D:8      | Reached skill level 10 in Armour
  9081 | D:8      | Noticed Prince Ribbit
  9268 | D:8      | Found a glowing silver altar of Zin.
  9521 | D:9      | Reached skill level 9 in Maces & Flails
  9795 | D:9      | Reached skill level 1 in Invocations
  9834 | D:9      | Noticed an eight-headed hydra
  9843 | D:9      | Killed an eight-headed hydra
  9843 | D:9      | Reached *** piety under Okawaru
  9843 | D:9      | Reached skill level 2 in Invocations
 10155 | D:9      | Reached skill level 3 in Invocations
 10168 | D:9      | Received a gift from Okawaru
 10173 | D:9      | Reached **** piety under Okawaru
 10173 | D:9      | Reached XP level 11. HP: 30/73 MP: 13/13
 10387 | D:9      | Found Ismyr's Assorted Antiques.
 10855 | D:10     | Entered Level 10 of the Dungeon
 10925 | D:10     | Reached skill level 4 in Invocations
 11070 | D:10     | Got a translucent buckler
 11081 | D:10     | Identified the +0 buckler of Too Many Cooks {+Blink rPois Regen+} (You found it on level 10 of the Dungeon)
 11247 | D:10     | Found the +2 Maxwell's thermic engine {flame, freeze, rF- rC-}
 11369 | D:10     | Found a shadowy altar of Dithmenos.
 11468 | D:10     | Reached skill level 1 in Long Blades
 11512 | D:10     | Reached ***** piety under Okawaru
 11665 | D:11     | Noticed a four-headed hydra
 11683 | D:11     | Killed a four-headed hydra
 11683 | D:11     | Reached skill level 3 in Long Blades
 11766 | D:11     | Noticed Erolcha
 11801 | D:12     | Noticed Azrael
 11801 | D:12     | Noticed a green ugly thing
 11819 | D:12     | Noticed a skeletal warrior
 11822 | D:12     | Noticed a skeletal warrior
 11951 | D:11     | Killed Prince Ribbit
 11966 | D:11     | Noticed a five-headed hydra
 11982 | D:11     | Killed a five-headed hydra
 11982 | D:11     | Reached skill level 4 in Long Blades
 12004 | D:11     | Reached skill level 5 in Long Blades
 12178 | D:11     | Noticed a manticore
 12188 | D:11     | Killed a manticore
 12188 | D:11     | Received a gift from Okawaru
 12268 | D:11     | Killed Erolcha
 12268 | D:11     | Reached skill level 6 in Long Blades
 12320 | D:11     | Found a staircase to the Lair.
 12365 | D:11     | Received a gift from Okawaru
 12394 | D:11     | Noticed a four-headed hydra
 12400 | D:11     | Killed a one-headed hydra
 12400 | D:11     | Reached skill level 7 in Long Blades
 12400 | D:11     | Reached XP level 12. HP: 79/79 MP: 15/15
 12662 | D:11     | Noticed a two-headed ogre
 12672 | D:11     | Killed a two-headed ogre
 12672 | D:11     | Reached skill level 8 in Long Blades
 12849 | D:11     | Reached skill level 9 in Long Blades
 13263 | Lair:1   | Entered Level 1 of the Lair of Beasts
 13477 | Lair:1   | Noticed a seven-headed hydra
 13489 | Lair:1   | Killed a four-headed hydra
 13489 | Lair:1   | Reached skill level 10 in Long Blades
 13691 | Lair:1   | Noticed a four-headed hydra
 13697 | Lair:1   | Killed a one-headed hydra
 13697 | Lair:1   | Reached ****** piety under Okawaru
 14184 | Lair:2   | Received a gift from Okawaru
 14189 | Lair:2   | Reached skill level 11 in Long Blades
 14329 | Lair:2   | Reached XP level 13. HP: 84/84 MP: 16/16
 14476 | Lair:2   | Reached skill level 12 in Long Blades
 14660 | Lair:2   | Received a gift from Okawaru
 14678 | Lair:2   | Got a smoking robe {god gift}
 14904 | Lair:3   | Noticed Gastronok
 14929 | Lair:3   | Killed Gastronok
 15108 | Lair:3   | Reached skill level 13 in Long Blades
 15226 | Lair:3   | Found a staircase to the Swamp.
 15412 | Lair:3   | Noticed Nergalle
 15420 | Lair:3   | Killed Nergalle
 16095 | Lair:4   | Got a brightly glowing ring mail
 16115 | Lair:4   | Received a gift from Okawaru
 16115 | Lair:4   | Reached skill level 14 in Long Blades
 16133 | Lair:4   | Got a translucent large shield {god gift}
 16134 | Lair:4   | Identified the +0 large shield of the Meadowlark {Int+7 Stlth+} (Okawaru gifted it to you on level 4 of the Lair of Beasts)
 16136 | Lair:4   | Identified the +4 ring mail "Gantir" {+Blink +Fly rN+ Regen+} (You found it on level 4 of the Lair of Beasts)
 16321 | Lair:4   | Found a staircase to the Snake Pit.
 16505 | Lair:4   | Gained mutation: Your large and strong wings let you fly indefinitely. [Gargoyle growth]
 16505 | Lair:4   | Reached XP level 14. HP: 88/88 MP: 17/17
 16508 | Lair:4   | Found the +8 whip "Snakebite" {curare, rPois}
 16864 | Lair:5   | Reached skill level 15 in Long Blades
 17110 | Lair:5   | Received a gift from Okawaru
 17339 | Lair:5   | Found a runed door.
 17339 | Lair:5   | Found a viscous altar of Jiyva.
 17384 | Lair:5   | Found a staircase to the Slime Pits.
 17384 | Lair:5   | Noticed an acid blob
 17384 | Lair:5   | Noticed an acid blob
 17653 | Lair:6   | Entered Level 6 of the Lair of Beasts
 17993 | Lair:6   | Reached skill level 16 in Long Blades
 18028 | Lair:5   | Reached skill level 1 in Evocations
 18036 | Lair:6   | Reached skill level 11 in Armour
 18040 | Lair:6   | Reached skill level 11 in Fighting
 18048 | Lair:6   | Received a gift from Okawaru
 18055 | Lair:6   | Reached skill level 1 in Dodging
 18165 | Lair:6   | Reached skill level 2 in Evocations
 18250 | Lair:6   | Identified 2 scrolls of acquirement
 18253 | Lair:6   | Reached skill level 5 in Invocations
 18257 | Lair:6   | Got a pair of faintly glowing boots
 18264 | Lair:6   | Identified the +0 pair of boots "Zaloamiwn" {MR+ Int+4} (You acquired it on level 6 of the Lair of Beasts)
 18367 | Lair:6   | Got a transparent ring mail {god gift}
 18966 | D:12     | Reached skill level 2 in Dodging
 19028 | D:12     | Killed Azrael
 19042 | D:12     | Reached skill level 3 in Evocations
 19123 | D:12     | Reached XP level 15. HP: 86/95 MP: 19/19
 19237 | D:12     | Received a gift from Okawaru
 19238 | D:12     | Found the +2 pair of boots of the Assassin {Detection Stab+ Stlth++}
 19496 | D:12     | Found a staircase to the Orcish Mines.
 19792 | D:13     | Reached skill level 6 in Invocations
 19835 | D:13     | Reached skill level 3 in Dodging
 20000 | D:13     | Reached skill level 4 in Evocations
 20009 | D:13     | HP: 24/96 [skeletal warrior/halberd[a skeletal warrior] (3)]
 20537 | D:14     | Reached skill level 12 in Armour
 20588 | D:14     | Got a faintly glowing chain mail
 20589 | D:14     | Identified the +3 chain mail of Buraite {rF++ MR- Regen+ rCorr} (You found it on level 14 of the Dungeon)
 20753 | D:14     | Noticed a sphinx
 20755 | D:14     | Reached skill level 12 in Fighting
 20759 | D:14     | Killed a sphinx
 20759 | D:14     | Reached skill level 4 in Dodging
 20759 | D:14     | Reached skill level 7 in Invocations
 20785 | D:14     | Received a gift from Okawaru
 21009 | D:14     | Reached skill level 5 in Evocations
 21193 | D:14     | Found Afericuj's Antique Armour Shop.
 21290 | D:14     | Identified a +2 pair of boots of running (Okawaru gifted it to you on level 14 of the Dungeon)
 21451 | D:14     | Found a shadowy altar of Dithmenos.
 21497 | D:14     | Found a gate to the Vaults.
 21698 | D:14     | Found a bloodstained altar of Trog.
 21847 | D:15     | Entered Level 15 of the Dungeon
 21930 | D:15     | Reached skill level 8 in Invocations
 21941 | D:15     | Reached skill level 5 in Dodging
 21971 | D:15     | Reached XP level 16. HP: 92/103 MP: 22/22
 22024 | D:15     | Found a sparkling altar of Nemelex Xobeh.
 22119 | D:15     | Received a gift from Okawaru
 22146 | D:15     | Got a faintly humming scale mail {god gift}
 22150 | D:15     | Identified the +1 scale mail "Uquoqatunt" {rPois rF- MR+++ Int+5} (Okawaru gifted it to you on level 15 of the Dungeon)
 22241 | D:15     | Found a shattered altar of Ashenzari.
 22294 | D:15     | Found a staircase to the Depths.
 22466 | D:15     | Reached skill level 13 in Armour
 22701 | D:15     | Reached skill level 13 in Fighting
 22889 | D:11     | Learned a level 3 spell: Regeneration
 22899 | D:11     | Learned a level 5 spell: Borgnjor's Vile Clutch
 22946 | Orc:1    | Entered Level 1 of the Orcish Mines
 22946 | Orc:1    | Found Busanur's Book Boutique.
 23138 | Orc:1    | Found Yvuqutt's Magic Scroll Shoppe.
 23177 | Orc:1    | Found Ananuawa's Gadget Emporium.
 23360 | Orc:2    | Entered Level 2 of the Orcish Mines
 23371 | Orc:2    | Reached skill level 9 in Invocations
 23405 | Orc:2    | HP: 26/104 [orc priest/divine providence (13)]
 23556 | Orc:2    | Received a gift from Okawaru
 23574 | Orc:2    | Got a pair of encrusted boots {god gift}
 23575 | Orc:2    | Identified the -3 pair of boots "Keakk" {Dex+7} (Okawaru gifted it to you on level 2 of the Orcish Mines)
 23614 | Orc:2    | Reached skill level 6 in Dodging
 23693 | Orc:2    | Found Fumeah's Magic Scroll Boutique.
 23693 | Orc:2    | Found Maplios's Antique Weapon Shop.
 23694 | Orc:2    | Found Cibletra's Assorted Antiques.
 23699 | Orc:2    | Found Esyori's Distillery.
 23794 | Orc:2    | Bought a potion of might for 64 gold pieces
 23794 | Orc:2    | Bought a potion of cancellation for 128 gold pieces
 23794 | Orc:2    | Bought a potion of haste for 160 gold pieces
 23864 | Orc:2    | Found a staircase to the Elven Halls.
 24691 | Swamp:1  | Entered Level 1 of the Swamp
 24691 | Swamp:1  | Noticed kirsanium's ghost (journeyman MiBe)
 24909 | Swamp:1  | Reached skill level 6 in Evocations
 24923 | Swamp:1  | Got a fine plate armour
 24935 | Swamp:1  | Identified the cursed +1 plate armour of Boredom {rF+} (You found it on level 1 of the Swamp)
 24999 | Swamp:1  | Noticed a thorn hunter
 25016 | Swamp:1  | Killed a thorn hunter
 25398 | Swamp:1  | Killed kirsanium's ghost
 25639 | Swamp:1  | Received a gift from Okawaru
 26044 | Swamp:2  | Reached skill level 7 in Dodging
 26044 | Swamp:2  | Reached XP level 17. HP: 95/110 MP: 23/23
 26194 | Swamp:2  | Reached skill level 7 in Evocations
 26538 | Swamp:3  | Received a gift from Okawaru
 26549 | Swamp:3  | Reached skill level 14 in Armour
 26554 | Swamp:3  | Got a twisted cloak {god gift}
 26627 | Swamp:3  | Reached skill level 14 in Fighting
 27343 | Swamp:4  | Entered Level 4 of the Swamp
 27370 | Swamp:4  | Reached skill level 8 in Evocations
 27371 | Swamp:4  | Reached skill level 8 in Dodging
 27422 | Swamp:4  | Received a gift from Okawaru
 27582 | Swamp:4  | Got a decaying rune of Zot
 27809 | Swamp:4  | Received a gift from Okawaru
 27823 | Swamp:4  | Identified the +1 cloak "Niqiomm" {rPois rF+ Int+2} (Okawaru gifted it to you on level 3 of the Swamp)
 28497 | Snake:1  | Entered Level 1 of the Snake Pit
 28606 | Snake:1  | Reached XP level 18. HP: 89/118 MP: 24/24
 28712 | Snake:1  | Reached skill level 9 in Evocations
 28716 | Snake:1  | Reached skill level 15 in Armour
 28876 | Snake:1  | Reached skill level 15 in Fighting
 28972 | Snake:1  | Found Textata's Distillery.
 28980 | Snake:1  | Bought a potion of heal wounds for 85 gold pieces
 28980 | Snake:1  | Bought a potion of heal wounds for 85 gold pieces
 28980 | Snake:1  | Bought a potion of resistance for 170 gold pieces
 28980 | Snake:1  | Bought a potion of agility for 68 gold pieces
 28980 | Snake:1  | Bought a potion of resistance for 170 gold pieces
 29226 | Snake:2  | Found Lyacyin's General Store.
 29234 | Snake:2  | Received a gift from Okawaru
 29243 | Snake:2  | Reached skill level 9 in Dodging
 29311 | Snake:2  | Found Plog's Weapon Shop.
 29315 | Snake:2  | Bought a potion of mutation for 120 gold pieces
 29315 | Snake:2  | Bought a +2 helmet of intelligence for 322 gold pieces
 29970 | Snake:3  | Found Jamul's Distillery.
 29978 | Snake:3  | Bought a potion of resistance for 130 gold pieces
 29978 | Snake:3  | Bought a potion of agility for 52 gold pieces
 29978 | Snake:3  | Bought a potion of agility for 52 gold pieces
 29978 | Snake:3  | Bought a potion of curing for 39 gold pieces
 29978 | Snake:3  | Bought a potion of curing for 39 gold pieces
 29998 | Snake:3  | Received a gift from Okawaru
 30253 | Snake:3  | Found Esoenn's Gadget Emporium.
 30429 | Snake:3  | Noticed Vashnia
 30431 | Snake:3  | HP: 29/120 [naga sharpshooter/arrow[Vashnia] (4)]
 30603 | Snake:3  | Received a gift from Okawaru
 30735 | Snake:3  | Found Tirih's Assorted Antiques.
 30741 | Snake:3  | Bought a scroll of fear for 136 gold pieces
 30821 | Snake:3  | Found Coto's Book Shoppe.
 30836 | Snake:3  | Reached skill level 10 in Dodging
 31098 | Snake:4  | Entered Level 4 of the Snake Pit
 31099 | Snake:4  | Noticed Nikola
 31179 | Snake:3  | Killed Vashnia
 31179 | Snake:3  | Received a gift from Okawaru
 31179 | Snake:3  | Reached skill level 16 in Fighting
 31179 | Snake:3  | Reached skill level 16 in Armour
 31182 | Snake:3  | Got a pair of translucent boots {god gift}
 31189 | Snake:3  | Identified the +0 pair of boots of Intuition {rC+ Str+2} (Okawaru gifted it to you on level 3 of the Snake Pit)
 31543 | D:8      | Bought the +2 scale mail of Noughts and Crosses {rElec Int+3} for 480 gold pieces
 31888 | Snake:4  | Killed Nikola
 31897 | Snake:4  | Noticed Mara
 31899 | Snake:4  | Noticed Aizul
 31916 | Snake:3  | Killed Aizul
 32230 | Snake:4  | Reached XP level 19. HP: 112/125 MP: 22/25
 32508 | Snake:4  | HP: 19/127 [naga sharpshooter/bolt (14)]
 32571 | Snake:4  | Noticed shakethe's illusion
 32578 | Snake:4  | Received a gift from Okawaru
 32733 | Snake:4  | Noticed shakethe's illusion
 32739 | Snake:4  | Killed Mara
 32752 | Snake:4  | Noticed Saint Roka
 32772 | Snake:4  | Killed Saint Roka
 32772 | Snake:4  | Received a gift from Okawaru
 32772 | Snake:4  | Reached skill level 11 in Dodging
 32900 | Snake:4  | Got a twisted demon whip {god gift}
 32906 | Snake:4  | Identified the +9 demon whip "Nagulok" {drain, rElec Str+4 Stlth+} (Okawaru gifted it to you on level 4 of the Snake Pit)
 33385 | Snake:4  | Reached skill level 17 in Armour
 33403 | Snake:4  | Reached skill level 17 in Fighting
 33422 | Snake:4  | Received a gift from Okawaru
 33526 | Snake:4  | Got an ichor-stained great sword {god gift}
 33741 | Snake:4  | Got a serpentine rune of Zot
 33873 | Snake:4  | Found a stormy altar of Qazlal.
 33926 | Snake:4  | Found a shadowy altar of Dithmenos.
 34561 | D:11     | Learned a level 2 spell: Shroud of Golubria
 34566 | D:11     | Learned a level 4 spell: Summon Lightning Spire
 34659 | Vaults:1 | Entered Level 1 of the Vaults
 34793 | Vaults:1 | Received a gift from Okawaru
 34793 | Vaults:1 | Reached skill level 1 in Earth Magic
 34799 | Vaults:1 | Reached XP level 20. HP: 46/134 MP: 26/26
 34800 | Vaults:1 | HP: 30/134 [yaktaur captain (10)]
 34814 | Vaults:1 | HP: 20/134 [rakshasa/orb of energy (18)]
 35105 | Depths:1 | Entered Level 1 of the Depths
 35123 | Depths:1 | Reached skill level 1 in Spellcasting
 35123 | Depths:1 | Reached skill level 1 in Charms
 35161 | Depths:1 | Reached skill level 1 in Necromancy
 35271 | Depths:1 | Reached skill level 2 in Earth Magic
 35279 | Depths:1 | Noticed Sojobo
 35767 | D:15     | Reached skill level 2 in Spellcasting
 35835 | D:15     | Reached skill level 2 in Charms
 35892 | Depths:1 | Killed Sojobo
 35892 | Depths:1 | Reached skill level 2 in Necromancy
 35892 | Depths:1 | Reached skill level 3 in Earth Magic
 36049 | Depths:1 | Reached skill level 5 in Shields
 36058 | Depths:1 | Reached skill level 6 in Shields
 36067 | Depths:1 | Reached skill level 7 in Shields
 36240 | Depths:1 | Reached skill level 8 in Shields
 36397 | Depths:1 | Reached skill level 9 in Shields
 36530 | Depths:1 | Found a gateway to Hell.
 36545 | Depths:1 | Reached skill level 10 in Shields
 36619 | Depths:1 | Received a gift from Okawaru
 36630 | Depths:1 | Got a pair of ancient boots {god gift}
 36826 | Depths:1 | Identified the cursed -5 pair of gloves of Niotiss {rF+ Int+4} (You found it on level 1 of the Depths)
 36982 | Depths:2 | Reached skill level 11 in Shields
 37224 | Depths:2 | Reached skill level 12 in Shields
 37611 | Depths:2 | Reached skill level 13 in Shields
 37892 | Depths:2 | Reached skill level 14 in Shields
 38084 | Depths:2 | HP: 28/134 [white very ugly thing (21)]
 38091 | Depths:2 | HP: 28/134 [white very ugly thing (5)]
 38091 | Depths:2 | Mangled by a white very ugly thing

Skill      XL: |  1  2  3  4  5  6  7  8  9 10 11 12 13 14 15 16 17 18 19 20 |
---------------+-------------------------------------------------------------+-----
Fighting       | 4 5 6 7 9 10 11 12 13 14 16 17 | 17.5
Armour         | 4 5 6 7 9 10 11 12 13 14 16 17 | 17.5
Maces & Flails | 3 4 5 6 8 9 |  9.8
Shields        | 4 14 | 14.7
Invocations    | 3 4 5 8 9 |  9.0
Long Blades    | 7 11 14 16 | 16.0
Evocations     | 3 5 6 8 9 |  9.0
Dodging        | 2 5 7 8 10 11 | 11.8
Earth Magic    | 1 3 |  3.1
Spellcasting   | 2 |  2.3
Charms         | 2 |  2.3
Necromancy     | 2 |  2.1

Action                   |  1- 3 |  4- 6 |  7- 9 | 10-12 | 13-15 | 16-18 | 19-21 || total
-------------------------+-------+-------+-------+-------+-------+-------+-------++-------
Melee: Flail             |   167 |   265 |   604 |   531 |       |       |       ||  1567
       Double sword      |       |       |       |   186 |  1080 |  1473 |   974 ||  3713
Invok: Heroism           |       |       |       |    12 |    10 |    17 |    12 ||    51
       Finesse           |       |       |       |       |       |     2 |     2 ||     4
 Abil: Fly               |       |       |       |       |     1 |       |       ||     1
       Stop Flying       |       |       |       |       |       |       |     1 ||     1
  Use: Scroll            |     3 |     3 |     4 |    16 |    16 |     8 |     9 ||    59
       Potion            |       |       |     1 |       |     1 |       |     4 ||     6
 Stab: Confused          |       |       |       |       |       |     1 |       ||     1
  Eat: Chunk             |       |     8 |    17 |    22 |    22 |    18 |     3 ||    90
       Ration            |       |       |       |     1 |     1 |     6 |     4 ||    12
Armor: Scale mail        |   155 |   293 |   344 |     5 |       |    26 |    16 ||   839
       Skin              |       |       |    19 |       |       |       |     1 ||    20
       Plate armour      |       |       |       |   634 |   114 |   710 |   491 ||  1949
       Ring mail         |       |       |       |       |   375 |   159 |       ||   534
       Fire dragon scale |       |       |       |       |       |       |   184 ||   184
Dodge: Dodged            |    55 |    74 |   272 |   362 |   567 |  1014 |   630 ||  2974
Block: Shield            |    76 |       |       |       |       |       |       ||    76
       Buckler           |     3 |    63 |   150 |   168 |   159 |   322 |   250 ||  1115
       Rpst.: Double sword |       |       |       |    29 |   148 |   237 |   108 ||   522

Vault maps used:
D:1:      lightli_arrival_windingriver, minmay_tall_x
D:2:      first_ration
D:3:      grunt_temple_overflow_open, patterned_corridor
D:4:      nicolae_qazlal_style_of_elements, serial_shops, shop_statue,
          uniq_sigmund, uniq_blork_the_orc, uniq_menkaure
D:5:      st_stairs_11, minmay_misc_feat_square, nemelex_lonely_heart_becter
D:6:      minmay_misc_feat_room
D:7:      lemuel_temple_firewalk_b
D:8:      nicolae_overflow_quartered_altars, elyvilon_altar_5, zin_scriptorium,
          serial_shops, nicolae_shop_temple_entry_statues_fountains,
          grunt_pizzeria, uniq_prince_ribbit1, uniq_maurice, uniq_psyche
D:9:      serial_shops, shop_fountains, minmay_three_doors
D:10:     grunt_dithmenos_shadows
D:11:     lair_entry_dummy, uniq_erolcha
D:12:     hiddenorc1_lemuel, corexii_checkpoint_a, uniq_azrael
D:14:     minmay_big_diamond_grid, david_vaults_1, serial_shops, shop,
          minmay_misc_feat_pillars, hangedman_feature_mirror,
          grunt_decor_resistance
D:15:     grunt_enter_depths_magical_seal, nicolae_ashenzari_panopticon,
          corexii_checkpoint_a, nemelex_altar_shiori
Temple:   minmay_temple_bridge_abc
Lair:2:   cheibrodos_lair_caveside_slide, serial_bayou_shore_b,
          grunt_megastairs_1, serial_bayou_shore_a
Lair:3:   minmay_swamp_entry_reptiles, infiniplex_staircase_pool, uniq_nergalle,
          uniq_gastronok
Lair:4:   minmay_guarded_unrand_snakebite, minmay_snake_entry_guardpost_small
Lair:5:   slime_altar_2
Lair:6:   minmay_lair_end_enchanted_forest
Swamp:1:  nicolae_swamp_fairy_circle
Swamp:2:  evilmike_swamp_ruin_house_6
Swamp:3:  evilmike_swamp_ruin_rubble_1
Swamp:4:  swamp_alternative
Snake:1:  serial_shops, nicolae_shop_statue_plus, grunt_megastairs_3
Snake:2:  minmay_shoptagon
Snake:3:  serial_shops, shop, nicolae_shop_statue_plus, shop, shop_coins,
          uniq_vashnia
Snake:4:  grunt_snake_rune_pools, spider_trap, hangedman_feature_mirror,
          uniq_aizul, uniq_saint_roka, uniq_nikola, uniq_mara
Orc:1:    serial_shops, shop, shop_fountains, shop, guppyfry_library_mini
Orc:2:    st_orc_mages
Vaults:1: v_rooms_6, nicolae_vaults_asterisk, hangedman_vaults_variations,
          st_cells, nicolae_vaults_ring_of_whatevers, ontoclasm_vaults_shuriken,
          vaults_room_grunt_arrival_ludios, nicolae_vaults_asterisk,
          serial_shops, shop, uniq_jorgrun
Depths:1: hangedman_coc_ice_floe, kennysheep_doodads, minmay_swirly_circle,
          serial_bayou_shore_b, uniq_sojobo
Depths:2: grunt_forest_end_chambers, hangedman_geh_valley,
          serial_sigils_hangedman_snap, st_stairs_11

Table legend:
 A = Turns spent in this place as a percentage of turns spent in the entire game.
 B = Non-inter-level travel turns spent in this place as a percentage of non-inter-level travel turns spent in the entire game.
 C = Inter-level travel turns spent in this place as a percentage of turns spent in this place.
 D = Turns resting spent in this place as a percentage of non-inter-level travel turns spent in this place.
 E = Turns spent auto-exploring this place as a percentage of non-inter-level travel turns spent in this place.
 F = Non-inter-level travel turns spent in this place divided by the number of levels of this place that you've seen.
                   A       B       C       D       E      F
               +-------+-------+-------+-------+-------+----------------------
         Total | 100.0 | 100.0 |   6.4 |  16.9 |  48.0 | 1019.0
       Dungeon |  48.3 |  48.8 |   5.3 |  21.9 |  45.9 | 1161.1
        Temple |   0.2 |   0.1 |  29.6 |   0.0 |  90.0 |  50.0
          Lair |  17.7 |  16.0 |  15.1 |   4.6 |  66.2 | 953.7
         Swamp |   8.5 |   8.7 |   3.6 |   8.3 |  56.5 | 778.8
     Snake Pit |  13.9 |  14.0 |   5.5 |  17.7 |  36.0 | 1250.8
  Orcish Mines |   4.2 |   4.4 |   0.9 |   5.4 |  53.3 | 787.5
        Vaults |   0.4 |   0.5 |   0.0 |   0.0 |  51.8 | 164.0
        Depths |   6.9 |   7.3 |   0.0 |  27.1 |  30.3 | 1310.5
               +-------+-------+-------+-------+-------+----------------------

Table legend:
 A = Kills in this place as a percentage of kills in entire the game.
 B = Kills by you in this place as a percentage of kills by you in the entire game.
 C = Kills by friends in this place as a percentage of kills by friends in the entire game.
 D = Other kills in this place as a percentage of other kills in the entire game.
 E = Experience gained in this place as a percentage of experience gained in the entire game.
 F = Experience gained in this place divided by the number of levels of this place that you have seen.
                   A       B       C       D       E      F
               +-------+-------+-------+-------+-------+----------------------
         Total | 100.0 | 100.0 |   N/A | 100.0 | 100.0 | 13936.8
       Dungeon |  39.1 |  39.1 |   N/A |   0.0 |  19.2 | 6247.6
          Lair |  15.6 |  15.6 |   N/A |   0.0 |  12.2 | 9887.2
         Swamp |  13.2 |  13.2 |   N/A |   0.0 |  17.2 | 21006.2
     Snake Pit |  16.3 |  16.3 |   N/A |   0.0 |  31.0 | 37795.2
  Orcish Mines |   7.5 |   7.4 |   N/A | 100.0 |   2.3 | 5702.5
        Vaults |   0.7 |   0.7 |   N/A |   0.0 |   1.3 | 6278.0
        Depths |   7.6 |   7.6 |   N/A |   0.0 |  16.8 | 40931.0
               +-------+-------+-------+-------+-------+----------------------
